 Dungeon Crawl Stone Soup version 0.24.0-37-gcf1ca852f1 (webtiles) character file.

Game seed: 6059755536717039360, levelgen mode: deterministic

133 Belius the Skirmisher (level 5, 0/43 HPs)
             Began as a Formicid Abyssal Knight on Dec 5, 2019.
             Was a Believer of Lugonu.
             Slain by a gnoll
             ... wielding a +0 flail
              (12 damage)
             ... on level 2 of the Dungeon.
             The game lasted 00:04:46 (2716 turns).

Belius the Skirmisher (Formicid Abyssal Knight)     Turns: 2716, Time: 00:04:46

Health: 0/43       AC:  6    Str: 17    XL:     5   Next: 39%
Magic:  6/6        EV:  9    Int: 12    God:    Lugonu [**....]
Gold:   133        SH:  0    Dex: 10    Spells: 4/4 levels left

rFire    . . .     SeeInvis +   a - +1 falchion
rCold    . . .     Gourm    .   (no shield)
rNeg     . . .     Faith    .   g - +0 scale mail
rPois    .         Spirit   .   (helmet unavailable)
rElec    .         Reflect  .   (no cloak)
rCorr    .         Harm     .   (no gloves)
MR       .....                  (no boots)
Stlth    ..........             (no amulet)
HPRegen  0.14/turn              (no ring)
MPRegen  0.10/turn              (no ring)

@: no status effects
A: permanent stasis, dig shafts and tunnels, four strong arms, antennae 3
a: Dig, Shaft Self, Depart the Abyss, Bend Space, Renounce Religion


You were on level 2 of the Dungeon.
You worshipped Lugonu.
Lugonu was pleased with you.
You were not hungry.

You visited 1 branch of the dungeon, and saw 2 of its levels.
You visited the Abyss 1 time.

You collected 133 gold pieces.

Inventory:

Hand Weapons
 a - a +1 falchion (weapon)
Armour
 g - a +0 scale mail (worn)
 s - a +1 leather armour of fire resistance
Jewellery
 j - an uncursed amulet of rage
 l - an uncursed amulet of faith {unknown}
 n - an uncursed amulet of harm {unknown}
 q - an uncursed ring of resist corrosion {unknown}
Scrolls
 b - a scroll of enchant weapon {unknown}
 d - a scroll of fear {unknown}
 f - a scroll of enchant armour
 i - a scroll of fog
 m - a scroll of blinking {unknown}
Potions
 h - 2 potions of flight
 k - 2 potions of curing
 o - a potion of berserk rage {unknown}
 p - a potion of resistance {unknown}
 r - a potion of mutation
Comestibles
 c - 7 rations


   Skills:
 + Level 4.3 Fighting
 + Level 3.3 Long Blades
 + Level 3.4 Armour
 - Level 1.0 Dodging
 * Level 1.7 Stealth
 + Level 2.2 Invocations


You had 4 spell levels left.
You didn't know any spells.
Your spell library was empty.

Dungeon Overview and Level Annotations

Branches:
Dungeon (2/15)

Altars:


Innate Abilities, Weirdness & Mutations

You cannot be hasted, slowed, berserked, paralysed or teleported.
You can dig through walls and to a lower floor.
Your four strong arms can wield two-handed weapons with a shield.
You have a pair of large antennae on your head. (SInv)


Message History

The gnoll is moderately wounded.
The gnoll hits you with a +0 flail! The ooze hits you.
The gnoll hits you but does no damage.
You hit the gnoll.
The gnoll is heavily wounded.
The ooze hits you but does no damage. The gnoll closely misses you.
You closely miss the gnoll.
The gnoll is heavily wounded.
The gnoll barely misses you.
You riposte.
You closely miss the gnoll.
The gnoll is heavily wounded.
The ooze hits you but does no damage. The gnoll hits you with a +0 flail.
* * * LOW HITPOINT WARNING * * *
You hit the gnoll.
The gnoll is heavily wounded.
The ooze hits you but does no damage. The gnoll closely misses you.
The ooze closely misses you.
You barely miss the gnoll.
The gnoll is heavily wounded.
The gnoll hits you with a +0 flail!
You die...

#.# #.#.#.....# #.# #.#
#.#.#)###.# #.# #.#
###.#.#.###.# #.# #.#
#...........# #.# ##.####
#.#.#.#<#####.#.# ......#
#.#.......g...#.# ......#
#.......#######†#
......#######..#g.....#.##
........g.......@........#
......########.#J...#.####
.............#.#...(#.#
......######.#.#....#.#
####### #......#.# #
#...#..#.# # #..(#..#.# #
#...#.##.# #


You could see a gnoll (berserk) and an ooze.

Vanquished Creatures
  6 gnolls
  2 adders (D:2)
  An ooze (D:1)
  A dart slug (D:1)
  3 giant cockroaches
  4 goblins
  8 hobgoblins
  3 jackals (D:2)
  8 kobolds
  9 bats
  7 frilled lizards
  2 rats (D:2)
54 creatures vanquished.

Notes
Turn   | Place    | Note
-------+----------+-------------------------------------------
     0 | Abyss:1  | Belius the Formicid Abyssal Knight began the quest for the
                  | Orb.
     0 | Abyss:1  | Reached XP level 1. HP: 18/18 MP: 2/2
    89 | Abyss:1  | Noticed a large abomination
    91 | D:1      | Escaped the Abyss
   168 | D:1      | Reached XP level 2. HP: 21/25 MP: 3/3
   608 | D:1      | Reached * piety under Lugonu
   650 | D:1      | Reached skill level 4 in Fighting
   655 | D:1      | Reached skill level 1 in Dodging
   655 | D:1      | Reached XP level 3. HP: 28/30 MP: 4/4
  1374 | D:2      | Reached XP level 4. HP: 37/37 MP: 5/5
  1918 | D:1      | Reached skill level 1 in Stealth
  2384 | D:2      | Reached XP level 5. HP: 35/42 MP: 6/6
  2621 | D:2      | Reached ** piety under Lugonu
  2716 | D:2      | Slain by a gnoll

Levels and vault maps discovered:
D:1:      dpeg_arrival_radiant, layout_loops_ring
D:2:      layout_basic, first_ration

Skill      XL: |  1  2  3  4 |
---------------+-------------+-----
Fighting       | 4 |  4.3
Dodging        | 1 |  1.0
Armour         | 3 |  3.4
Stealth        | 1 |  1.7
Long Blades    | 3 |  3.3
Invocations    | |  2.2

Action                   |  1- 3 |  4- 6 || total
-------------------------+-------+-------++-------
Melee: Falchion          |   101 |   100 ||   201
Invok: Depart the Abyss  |     1 |       ||     1
  Use: Scroll            |       |     6 ||     6
  Eat: Chunk             |     2 |     4 ||     6
Armor: Leather armour    |    43 |       ||    43
       Scale mail        |    29 |    66 ||    95
Dodge: Dodged            |    75 |    58 ||   133
       Rpst.: Falchion   |    23 |    23 ||    46
